 Dungeon Crawl Stone Soup version 0.25-a0-942-g87a53962fc (webtiles) character file.

Game seed: 12290582072641827231, levelgen mode: classic

1415 Amnesiac the Destroyer (level 8, -3/44 HPs)
             Began as a Deep Elf Wizard on May 7, 2020.
             Shot with an arrow by a centaur (9 damage)
             ... on level 6 of the Dungeon.
             The game lasted 00:13:45 (5238 turns).

Amnesiac the Destroyer (Deep Elf Wizard)            Turns: 5238, Time: 00:13:45

Health: -3/44      AC:  2    Str:  4    XL:     8   Next: 43%
Magic:  16/21      EV: 14    Int: 26    God:
Gold:   184        SH:  0    Dex: 13    Spells: 11/22 levels left

rFire    . . .     SeeInvis .   a - +2 mace (drain)
rCold    . . .     Gourm    .   (no shield)
rNeg     . . .     Faith    .   o - +0 robe
rPois    .         Spirit   .   l - +0 hat
rElec    .         Reflect  .   (no cloak)
rCorr    .         Harm     .   (no gloves)
MR       .....                  (no boots)
Stlth    ++........             (no amulet)
HPRegen  0.14/turn              (no ring)
MPRegen  0.17/turn              (no ring)

@: no status effects
A: no striking features
a: no special abilities


You were on level 6 of the Dungeon.
You were hungry.

You visited 1 branch of the dungeon, and saw 6 of its levels.

You collected 184 gold pieces.

Inventory:

Hand Weapons
 a - a +2 mace of draining (weapon)
 b - a +4 dagger
 t - the +8 dagger "Trog's Outrage" {venom, MR++ Int+4 SInv}
   (You took it off a big kobold on level 5 of the Dungeon)

   It poisons the flesh of those it strikes.
   It affects your intelligence (+4).
   It affects your resistance to hostile enchantments.
   It lets you see invisible.
 u - a +0 dagger of draining
Missiles
 c - 7 javelins (quivered)
Armour
 l - a +0 hat (worn)
 o - a +0 robe (worn)
 x - a +0 pair of boots
Wands
 g - a wand of paralysis (8)
 y - a wand of digging (4)
Scrolls
 f - a scroll of enchant weapon {!r, unknown}
 h - 5 scrolls of remove curse {!r, unknown}
 i - 2 scrolls of teleportation {!r, unknown}
 k - 5 scrolls of identify {!r, unknown}
 n - 3 scrolls of immolation {!r, unknown}
 q - a scroll of random uselessness {!r, unknown}
 v - 2 scrolls of fog {!r, unknown}
Potions
 e - 2 potions of heal wounds {!q, unknown}
 j - a potion of might {!q, unknown}
 m - a potion of invisibility {!q, unknown}
 p - 2 potions of haste {!q, unknown}
 r - a potion of brilliance {!q, unknown}
 s - a potion of curing {!q, unknown}
 w - a potion of degeneration {!q, unknown}
 z - a potion of stabbing {!q, unknown}
Comestibles
 d - 8 rations


   Skills:
 + Level 2.1 Fighting
 + Level 4.2 Dodging
 - Level 3.0 Stealth
 + Level 7.5 Spellcasting
 * Level 8.4 Conjurations
 - Level 1.1 Summonings
 - Level 1.1 Translocations
 - Level 3.0 Evocations


You had 11 spell levels left.
You knew the following spells:

 Your Spells              Type           Power        Failure   Level  Hunger
a - Magic Dart            Conj           ####         1%          1    None
b - Call Imp              Summ           ###.....     6%          2    None
e - Mephitic Cloud        Conj/Pois/Air  ###.....     5%          3    None
s - Conjure Flame         Conj/Fire      ####....     3%          3    None
v - Blink                 Tloc           N/A          6%          2    None

Your spell library contained the following spells:

 Spells                   Type           Power        Failure   Level  Hunger
 Slow                     Hex            #.......     9%          2    None


Dungeon Overview and Level Annotations

Branches:
Dungeon (6/15)
 Temple: D:4-7

Altars:
Cheibriados
Elyvilon
Makhleb
Okawaru
Qazlal
Ru
Trog
Uskayaw
Wu Jian
Yredelemnul

Shops:
D:4 %   D:5 (

Annotations:
D:4 kae's ghost, novice MfIE


Message History

Casting: Magic Dart (safe; 1% risk of failure)
Confirm with . or Enter, or press ? or * to list all spells.
You can't see any susceptible monsters within range! (Use Z to cast anyway.) Key pressed, stopping explore.
Casting: Magic Dart (safe; 1% risk of failure)
Confirm with . or Enter, or press ? or * to list all spells.
You can't see any susceptible monsters within range! (Use Z to cast anyway.)
Things that are here:
a +0 rapier; 10 stones A centaur comes into view.
Casting: Magic Dart (safe; 1% risk of failure)
Confirm with . or Enter, or press ? or * to list all spells.
Aiming: Magic Dart (safe; 1% risk of failure)
Press: ? - help, Shift-Dir - straight line, f - centaur
Aim: a centaur, quivering 16 arrows (resting)
The magic dart hits the centaur!
The centaur is moderately wounded.
The centaur shouts!
You hear a shout! x2
The centaur wields a +0 shortbow.
The centaur shoots an arrow.
The arrow hits you!!
A gnoll comes into view.
There are monsters nearby!
Casting: Magic Dart (safe; 1% risk of failure)
Confirm with . or Enter, or press ? or * to list all spells.
Aiming: Magic Dart (safe; 1% risk of failure)
Press: ? - help, Shift-Dir - straight line, f/p - centaur
Aim: a centaur, wielding a +0 shortbow and quivering 15 arrows (moderately wounded)
The magic dart hits the centaur.
The centaur is moderately wounded.
The centaur shoots an arrow.
The arrow closely misses you.
The centaur shoots an arrow.
The arrow completely misses you.
A gnoll comes into view. It is wielding a +0 whip.
The gnoll shouts!
There are monsters nearby!
Casting: Magic Dart (safe; 1% risk of failure)
Confirm with . or Enter, or press ? or * to list all spells.
Aiming: Magic Dart (safe; 1% risk of failure)
Press: ? - help, Shift-Dir - straight line, f/p - centaur
Aim: a centaur, wielding a +0 shortbow and quivering 13 arrows (moderately wounded)
The magic dart hits the centaur.
The centaur is heavily wounded.
The centaur shoots an arrow.
The arrow hits you!
* * * LOW HITPOINT WARNING * * *
There are monsters nearby!
Casting: Magic Dart (safe; 1% risk of failure)
Confirm with . or Enter, or press ? or * to list all spells.
Aiming: Magic Dart (safe; 1% risk of failure)
Press: ? - help, Shift-Dir - straight line, f/p - centaur
Aim: a centaur, wielding a +0 shortbow and quivering 12 arrows (heavily wounded)
The magic dart hits the centaur.
The centaur is severely wounded.
The centaur shoots an arrow.
The arrow barely misses you.
The centaur shoots an arrow.
The arrow hits you.
* * * LOW HITPOINT WARNING * * *
There are monsters nearby!
Casting: Magic Dart (safe; 1% risk of failure)
Confirm with . or Enter, or press ? or * to list all spells.
Aiming: Magic Dart (safe; 1% risk of failure)
Press: ? - help, Shift-Dir - straight line, f/p - centaur
Aim: a centaur, wielding a +0 shortbow and quivering 10 arrows (severely wounded)
The magic dart hits the centaur but does no damage.
The centaur is severely wounded.
The centaur shoots an arrow.
The arrow hits you!
You die...

#≈≈#..##...... ##. ...
#.#≈≈##..#...... ... ...
#.≈≈≈≈#..#...... #... ..
#.≈≈≈≈#.)#...... ...g.c.
#.≈≈≈≈#..#...###
.##...#.##.#≈≈##..#...###
...g..... #≈≈#..##......
#......#####≈#..#####...
#......@...).#..##......
#..........#.#..##......
#..........#....##......
#.......(...)....#...#..
#....()...)......#...#..
#...(#..###########.....
######...# #..... #...##
#..##. ##...# #.....


You could see a centaur and 2 gnolls.

Vanquished Creatures
  Grinder (D:5)
  Duvessa (D:5)
  An orc warrior (D:5)
  A phantom (D:6)
  An ogre (D:5)
  A centaur (D:5)
  3 big kobolds
  A water moccasin zombie (D:6)
  Dowan (D:5)
  2 scorpions
  A crimson imp (D:6)
  A bullfrog zombie (D:6)
  An orc wizard (D:5)
  A gnoll shaman (D:6)
  An orc priest (D:6)
  A hound (D:5)
  A bullfrog skeleton (D:4)
  A centaur skeleton (D:5)
  2 iguanas (D:5)
  A worker ant (D:6)
  3 gnolls (D:6)
  3 adders
  3 oozes
  An adder skeleton (D:4)
  2 worms (D:4)
  3 leopard geckos (D:4)
  5 orcs
  4 giant cockroaches
  A goblin (D:1)
  A hobgoblin (D:1)
  7 jackals
  2 quokkas
  A frilled lizard (D:4)
  A jackal zombie (D:6)
  10 kobolds
  2 rats
  A spectral orc (D:6)
74 creatures vanquished.

Vanquished Creatures (collateral kills)
  An orc priest (D:6)
  An adder (D:1)
  A leopard gecko (D:6)
  A quokka zombie (D:5)
  A rat (D:1)
5 creatures vanquished.

Vanquished Creatures (others)
  A fungus (D:5)
  3 plants (D:5)
4 creatures vanquished.

Grand Total: 83 creatures vanquished

Notes
Turn   | Place    | Note
-------+----------+-------------------------------------------
     0 | D:1      | Amnesiac the Deep Elf Wizard began the quest for the Orb.
     0 | D:1      | Reached XP level 1. HP: 10/10 MP: 7/7
   324 | D:2      | Reached skill level 2 in Conjurations
   324 | D:2      | Reached XP level 2. HP: 15/15 MP: 3/9
   328 | D:2      | Learned a level 2 spell: Blink
   331 | D:2      | Learned a level 2 spell: Call Imp
   486 | D:2      | Reached skill level 3 in Conjurations
   526 | D:4      | Found Wamowaul's Food Boutique.
   562 | D:4      | Reached XP level 3. HP: 19/19 MP: 0/11
   567 | D:4      | Learned a level 3 spell: Conjure Flame
   571 | D:4      | Learned a level 3 spell: Mephitic Cloud
   902 | D:4      | Noticed a scorpion
  1063 | D:4      | Killed a scorpion
  1063 | D:4      | Reached skill level 4 in Conjurations
  1063 | D:4      | Reached XP level 4. HP: 18/24 MP: 3/12
  1313 | D:5      | Entered Level 5 of the Dungeon
  1313 | D:5      | Noticed Dowan
  1315 | D:5      | Noticed Duvessa
  1358 | D:5      | Found Ciahimem's Antique Weapon Shop.
  1515 | D:4      | Reached skill level 5 in Conjurations
  1515 | D:4      | Reached XP level 5. HP: 28/28 MP: 5/14
  1634 | D:5      | Noticed Grinder
  1635 | D:5      | Found a hide-covered altar of Uskayaw.
  1732 | D:5      | Reached skill level 5 in Spellcasting
  1739 | D:5      | Reached skill level 1 in Evocations
  1804 | D:5      | Found a runed translucent gate.
  1805 | D:5      | Found a runed translucent gate.
  1806 | D:5      | Found a runed translucent gate.
  1807 | D:5      | Identified the +8 dagger "Trog's Outrage" {venom, MR++
                  | Int+4 SInv}
  1807 | D:5      | Noticed kae's ghost (novice MfIE)
  1895 | D:6      | Noticed an orc warrior
  2033 | D:5      | Reached XP level 6. HP: 28/32 MP: 13/16
  2126 | D:4      | Found a bloodstained altar of Trog.
  2126 | D:4      | Found a sacrificial altar of Ru.
  2493 | D:5      | Paralysed by Grinder for 2 turns
  2553 | D:5      | Paralysed by Grinder for 2 turns
  2577 | D:5      | Killed Grinder
  2577 | D:5      | Reached skill level 6 in Conjurations
  2707 | D:5      | Reached XP level 7. HP: 23/36 MP: 14/18
  2841 | D:5      | Killed Dowan
  2906 | D:5      | Reached skill level 7 in Conjurations
  3406 | D:5      | Killed Duvessa
  3406 | D:5      | Reached skill level 1 in Fighting
  3656 | D:6      | Reached XP level 8. HP: 34/43 MP: 4/20
  4030 | D:6      | Reached skill level 8 in Conjurations
  4150 | D:6      | Found a burning altar of Makhleb.
  4150 | D:6      | Found a stormy altar of Qazlal.
  4156 | D:6      | Found a white marble altar of Elyvilon.
  4158 | D:6      | Found an ornate altar of the Wu Jian Council.
  4160 | D:6      | Found an iron altar of Okawaru.
  4191 | D:6      | Found a snail-covered altar of Cheibriados.
  4615 | D:6      | Found a basalt altar of Yredelemnul.
  5238 | D:6      | Shot with an arrow by a centaur

Levels and vault maps discovered:
D:1:      dpeg_arrival_circle_labyrinth_c, layout_basic
D:2:      layout_rooms, chequers_ecumenical_altar_twisty,
          nicolae_qazlal_style_of_elements
D:3:      wander_river, layout_loops_ring, uniq_robin, uniq_ijyb
D:4:      layout_rooms, gammafunk_temple_overflow_pools, serial_shops,
          nicolae_shop_stone
D:5:      layout_loops_ring, kennysheep_mini_moat, first_ration,
          gammafunk_ghost_nasty_kobolds, serial_shops, nicolae_shop_waterfront,
          uniq_duvessa, uniq_grinder
D:6:      cheibrodos_thug_alley, layout_basic, old_standard_altar,
          chequers_temple_overflow_minitemple,
          yredelemnul_forgotten_temple_becter, serial_curves, eino_curves_02,
          eino_curves_04

Skill      XL: |  1  2  3  4  5  6  7  8 |
---------------+-------------------------+-----
Conjurations   | 2 3 4 5 6 7 8 |  8.4
Stealth        | 3 |  3.0
Spellcasting   | 5 6 7 |  7.5
Evocations     | 1 2 3 |  3.0
Fighting       | 1 2 |  2.1
Dodging        | 3 4 |  4.2
Summonings     | |  1.1
Translocations | |  1.1

Action                   |  1- 3 |  4- 6 |  7- 9 || total
-------------------------+-------+-------+-------++-------
Melee: Mace              |       |    11 |    15 ||    26
       Unarmed           |       |     1 |       ||     1
       Dagger            |       |     2 |       ||     2
Throw: Javelin           |     4 |       |       ||     4
 Cast: Magic Dart        |    49 |    53 |   106 ||   208
       Call Imp          |     4 |     3 |     5 ||    12
       Mephitic Cloud    |       |     9 |     9 ||    18
       Blink             |       |     2 |     1 ||     3
       Conjure Flame     |       |     5 |     3 ||     8
Evoke: Wand              |       |     1 |       ||     1
 Stab: Paralysed         |       |     2 |       ||     2
       Confused          |       |     1 |     1 ||     2
       Sleeping          |       |     1 |       ||     1
  Eat: Chunk             |       |     6 |     3 ||     9
       Ration            |       |       |     1 ||     1
Armor: Robe              |     5 |     1 |     7 ||    13
Dodge: Dodged            |    29 |    26 |    33 ||    88

Table legend:
 A = Non-vault XP
 B = Vault XP
 C = Vault XP percentage of total XP
 D = Non-vault monster count
 E = Vault monster count
 F = Vault count percentage of total count
                 A         B        C        D         E       F
            +---------+---------+-------+---------+---------+-------
      Total |    1308 |     714 |  35.3 |      61 |      17 |  21.8
            +---------+---------+-------+---------+---------+-------
        D:1 |      18 |       0 |   0.0 |       5 |       0 |   0.0
        D:2 |      16 |       0 |   0.0 |       3 |       0 |   0.0
        D:3 |       1 |       0 |   0.0 |       1 |       0 |   0.0
        D:4 |     170 |       0 |   0.0 |      17 |       0 |   0.0
        D:5 |     631 |     608 |  49.1 |      18 |      10 |  35.7
        D:6 |     472 |     106 |  18.3 |      17 |       7 |  29.2
            +---------+---------+-------+---------+---------+-------
